Workbook

Sheet EXPORT INVOICE 
A1: INVOICE
A2: EXPORTER | G2: Invoice no. & Date | I2: Exporter's Ref
A3: ABCD | G3: FY25-26/121 DT. 28/11/2025
A4: GALI NO.3 OLD MUSTAFABAD
A5: MUSTAFABAD PO. GOKUL PURI
A6: EAST DELHI 110091
G7: COUNTRY OF ORIGIN- INDIA
A11: CONSIGNEE | G11: BUYER NAME & ADDRESS:
A12: ABCD
A13: JEBEL ALI FREEZONE, SOUTH ZONE - 1-AG04
A14: DUBAI P.O BOX 60864
A15: UAE
A16: MOB:-
A17: E-MAIL:-
A19: Carriage by: | D19: Place of Receipt by Pre-carrier | G19: Country of Origin of Goods | I19: Country of Final Destination
A20: BY SEA | D20: MUMBAI | G20: INDIA | I20: UAE
D21: Port of Loading | G21: Term of Delivery and Payment
D22: NHAVA SHEVA PORT | G22: PAYMENT TERMS:.
A23: Port of Discharge | D23: Final Destination
A24: JEBEL ALI PORT | D24: UAE
A25: Marks & Nos./ | C25: No. & Kind of Pkgs. | D25: Description of Goods | H25: Quantity | I25: Amount IN USD
A26: Container No. | G26: HSN CODE | H26: PCS | I26: Unit Price | J26: Total Price
A28: 1 | C28: AMPLIFIER ALUMINIUM PANEL SCRAP | G28: 76169990 | H28: 40 | I28: 8 | J28: =H28*I28 -> 320
C29: AMPLIFIER MOTHERBOARD SCRAP | G29: 85189000 | H29: 40 | I29: 13 | J29: 520
A46: TOTAL | C46: 40 | D46: CARTONS
A47: NET WEIGHT | C47: 947 | D47: Kg
A48: GROSS WEIGHT | C48: 1000 | D48: Kg
A50: SUPPLY MEANT FOR EXPORT UNDER BOND OR LETTER OF UNDERTAKING WITHOUT PAYMENT OF INTEGRATED TAX
A52: Amount Chargeable | H52: =SUM(H28:H40) -> 80 | I52: USD | J52: =SUM(J28:J51) -> 840
A53: (in words) | B53: USD EIGHT HUNDRED FOURTY ONLY.
A55: Declaration :
A56: We declare that this invoice shows the actual price of | H56: Signature & Date
A57: the goods describe and that all particulars are true and correct.

Sheet PACKING LIST
A1: PACKING LIST | K1: ORIGINAL
A2: EXPORTER | G2: Invoice no. & Date | J2: Exporter's Ref
A3: ABCD | G3: ='EXPORT INVOICE '!G3 -> FY25-26/121 DT. 28/11/2025
A4: GALI NO.3 OLD MUSTAFABAD
A5: MUSTAFABAD PO. GOKUL PURI
A6: EAST DELHI 110091
G7: ='EXPORT INVOICE '!G7:G9 -> COUNTRY OF ORIGIN- INDIA
A12: CONSIGNEE | G12: BUYER NAME & ADDRESS:
A14: ='EXPORT INVOICE '!A13 -> JEBEL ALI FREEZONE, SOUTH ZONE - 1-AG04 | G14: ='EXPORT INVOICE '!G13 -> 0
A15: ='EXPORT INVOICE '!A14 -> DUBAI P.O BOX 60864 | G15: ='EXPORT INVOICE '!G14 -> 0
A16: ='EXPORT INVOICE '!A15 -> UAE | G16: ='EXPORT INVOICE '!G15 -> 0
A20: Carriage by: | D20: Place of Receipt by Pre-carrier | G20: Country of Origin of Goods | I20: Country of Final Destination
A21: BY AIR | D21: ='EXPORT INVOICE '!D20:F20 -> MUMBAI | G21: INDIA | I21: UAE
D22: Port of Loading | G22: Term of Delivery and Payment
D23: IGI AIR PORT | G23: ='EXPORT INVOICE '!G22 -> PAYMENT TERMS:.
A24: Port of Discharge | D24: Final Destination
A25: ='EXPORT INVOICE '!A24:C24 -> JEBEL ALI PORT | D25: ='EXPORT INVOICE '!D24:F24 -> UAE
A26: Marks & Nos./ | C26: No. & Kind of Pkgs. | F26: Description of Goods | H26: Quantity | I26: PACKAGES | J26: NET WEIGHT | K26: GROSS WEIGHT
A27: Container No. | G27: BOX SIZE CMS | H27: PCS | I27: BAG/ ROLL | J27: KGS | K27: KGS
C28: (GYM EQUIPMENT)
A29: 1 | C29: =+'EXPORT INVOICE '!C28:D28 -> AMPLIFIER ALUMINIUM PANEL SCRAP | G29: 43X43X20 | H29: ='EXPORT INVOICE '!H28 -> 40 | I29: 5 | J29: 147.9 | K29: 149.4
A43: =+'EXPORT INVOICE '!A41:G41 -> 0
A48: TOTAL | C48: =+I53 -> 5 | D48: CARTONS
A49: NET WEIGHT | C49: 947 | D49: Kg
A50: GROSS WEIGHT | C50: 958 | D50: Kg
A52: =+'EXPORT INVOICE '!A50:G50 -> SUPPLY MEANT FOR EXPORT UNDER BOND OR LETTER OF UNDERTAKING WITHOUT PAYMENT OF INTEGRATED TAX
A53: TOTAL | H53: =SUM(H29:H42) -> 40 | I53: =SUM(I29:I50) -> 5 | J53: =SUM(J29:J52) -> 147.9 | K53: =SUM(K29:K52) -> 149.4
A56: Declaration :
A57: We declare that this invoice shows the actual price of | I57: Signature & Date
A58: the goods describe and that all particulars are true and correct.
